 Dungeon Crawl Stone Soup version 0.26.1 (webtiles) character file.

Game seed: 9463390973035814664

107 hawla the Conjurer (level 4, 0/49 HPs)
             Began as a Draconian Conjurer on Feb 6, 2021.
             Killed from afar by an orc wizard (4 damage)
             ... with a puff of flame
             ... on level 3 of the Dungeon.
             The game lasted 00:04:10 (1886 turns).

hawla the Conjurer (Draconian Conjurer)             Turns: 1886, Time: 00:04:11

Health: 0/49       AC: 22    Str:  9    XL:     4   Next: 57%
Magic:  6/17       EV:  2    Int: 19    God:
Gold:   53         SH:  0    Dex: 10    Spells: 2/9 levels left

rFire    . . .     SeeInvis .   (no weapon)
rCold    . . .     Faith    .   (no shield)
rNeg     + + +     Spirit   .   (armour unavailable)
rPois    +         Reflect  .   (helmet currently unavailable)
rElec    .         Harm     .   (cloak currently unavailable)
rCorr    .         Rampage  .   (gloves currently unavailable)
Will     .....     NoTele   +   (boots currently unavailable)
Stlth    ++........             (no amulet)
HPRegen  0.16/turn              d - ring of magical power
MPRegen  0.15/turn              b - +4 ring of slaying

@: tree-form
A: unfitting armour, AC +5
a: no special abilities


You were on level 3 of the Dungeon.
You were a tree.
You visited 1 branch of the dungeon, and saw 3 of its levels.

You collected 53 gold pieces.

Inventory:

Missiles
 f - 3 throwing nets
Jewellery
 b - a +4 ring of slaying (right branch)
 d - a ring of magical power (left branch)
 i - an uncursed ring of willpower {unknown}
Scrolls
 a - 2 scrolls of teleportation
 c - a scroll of amnesia {unknown}
 g - a scroll of enchant armour
 h - a scroll of enchant weapon {unknown}
 j - a scroll of identify
Potions
 e - a potion of lignification


   Skills:
 - Level 1.7 Dodging
 - Level 1.7 Stealth
 * Level 3.0 Spellcasting
 * Level 5.3 Conjurations
 + Level 0.6 Translocations


You had 2 spell levels left.
You knew the following spells:

 Your Spells              Type           Power        Failure   Level
a - Magic Dart            Conj           92%          1%          1
b - Searing Ray           Conj           46%          2%          2
c - Iskenderun's Mystic   Conj/Tloc      14%          41%         4

Your spell library contained the following spells:

 Spells                   Type           Power        Failure   Level
 Dazzling Flash           Conj/Hex       26%          16%         3
 Fulminant Prism          Conj/Hex       6%           45%         4


Dungeon Overview and Level Annotations

Branches:
Dungeon (3/15)

Altars:
Elyvilon
Kikubaaqudgha
Uskayaw
Xom
Yredelemnul

Annotations:
D:1 gold in fire


Innate Abilities, Weirdness & Mutations

((Your plain brown scales are hard. (AC +5)))
You cannot fit into any form of body armour.
((You are cold-blooded and may be slowed by cold attacks.))


Message History

The orc wizard hits you but does no damage. x2
You barely miss the orc wizard. The kobold hits you but does no damage.
The orc wizard hits you but does no damage.
The orc wizard points at you and mumbles some strange words.
The puff of frost hits you.
* * * LOW HITPOINT WARNING * * *
The orc hits you but does no damage.
A goblin comes into view.
Really quaff the potion of lignification?
You are stuck in your current form!
You cannot move. (Use ctrl+direction or * direction to attack without moving.)
You cannot move. (Use ctrl+direction or * direction to attack without moving.)
You swing at nothing.
You feel less confused.
The goblin shouts!
The orc wizard hits you but does no damage.
The kobold hits you but does no damage. The orc wizard casts a spell at you.
The puff of flame hits you.
You die...

############
#..........#
#..........#
#........o.#
#.......♣o.#
#.......oK.##.
#..............
#.........†...g.
#<..†......#....
######.####)....
#..# ..... ##.#
..... .#


You could see 2 orc wizards, an orc, a goblin and a kobold.

Vanquished Creatures
  An orc priest (D:3)
  A hound (D:2)
  An adder (D:2)
  A dart slug (D:2)
  A leopard gecko (D:1)
  2 bats
  3 giant cockroaches (D:2)
  5 goblins
  5 hobgoblins
  2 jackals (D:2)
  3 kobolds
  4 frilled lizards
  9 rats
38 creatures vanquished.

Vanquished Creatures (others)
  A withered plant (D:2)
1 creature vanquished.

Grand Total: 39 creatures vanquished

Notes
Turn   | Place    | Note
-------+----------+-------------------------------------------
     0 | D:1      | hawla the Draconian Conjurer began the quest for the Orb.
     0 | D:1      | Reached XP level 1. HP: 14/14 MP: 3/3
   467 | D:1      | Reached XP level 2. HP: 20/20 MP: 1/5
   470 | D:1      | Learned a level 2 spell: Searing Ray
   913 | D:2      | Found a hide-covered altar of Uskayaw.
  1088 | D:2      | Reached XP level 3. HP: 26/26 MP: 6/6
  1167 | D:2      | Found a white marble altar of Elyvilon.
  1292 | D:2      | Reached skill level 5 in Conjurations
  1379 | D:2      | Found a shimmering altar of Xom.
  1406 | D:2      | Reached XP level 4. HP: 23/33 MP: 8/8
  1411 | D:2      | Learned a level 4 spell: Iskenderun's Mystic Blast
  1556 | D:2      | Found a basalt altar of Yredelemnul.
  1637 | D:2      | Found an ancient bone altar of Kikubaaqudgha.
  1886 | D:3      | Killed from afar by an orc wizard

Illustrated notes

Levels and vault maps discovered:
D:1:      lemuel_arrival_lava_pool, layout_basic, st_stairs_9,
          grunt_decor_junction
D:2:      layout_rooms, kennysheep_ying_yang, eat_drink_and_be_merry_uskayaw,
          kiku_gazebo_garden_becter, brannock_xom_greatest_gift, serial_curves,
          eino_curves_03, eino_curves_01, corexii_corridor_pit,
          amcnicky_mini_pool_small, roderic_serpentine_path
D:3:      layout_rooms

Skill      XL: |  1  2  3  4 |
---------------+-------------+-----
Conjurations   | 5 |  5.3
Spellcasting   | 3 |  3.0
Dodging        | |  1.7
Stealth        | |  1.7
Translocations | |  0.6

Action                   |  1- 3 |  4- 6 || total
-------------------------+-------+-------++-------
Melee: Unarmed           |    11 |    10 ||    21
       Tailslap          |     1 |       ||     1
 Cast: Magic Dart        |    25 |    14 ||    39
       Searing Ray       |    12 |     4 ||    16
  Use: Scroll            |     3 |       ||     3
       Potion            |       |     1 ||     1
 Stab: Sleeping          |       |     1 ||     1
Armor: Skin              |     8 |    23 ||    31
Dodge: Dodged            |    18 |     2 ||    20
